 Dungeon Crawl Stone Soup version 0.25-a0-317-g5f8687bca5 (webtiles) character file.

Game seed: 9988875110628211898, levelgen mode: classic

5903 Borgoz the Basher (level 10, -2/64 HPs)
             Began as a Gargoyle Fighter on Dec 25, 2019.
             Was a Believer of Ashenzari.
             Slain by a two-headed ogre
             ... wielding a +0 giant club
              (9 damage)
             ... on level 9 of the Dungeon.
             The game lasted 00:12:10 (8116 turns).

Borgoz the Basher (Gargoyle Fighter)                Turns: 8116, Time: 00:12:10

Health: -2/64      AC: 23    Str: 20    XL:     10   Next: 82%
Magic:  10/10      EV: 11    Int:  9    God:    Ashenzari [**....]
Gold:   533        SH: 10    Dex: 12    Spells: 9/9 levels left

rFire    + . .     SeeInvis .   a - +0 flail
rCold    . . .     Gourm    .   c - +0 shield
rNeg     + . .     Faith    .   b - +0 scale mail
rPois    ∞         Spirit   .   s - +0 helmet
rElec    +         Reflect  .   (no cloak)
rCorr    .         Harm     .   h - +2 pair of gloves
MR       .....                  (no boots)
Stlth    ..........             (no amulet)
HPRegen  0.20/turn              B - ring of protection from fire
MPRegen  0.12/turn              L - +3 ring of protection

@: no status effects
A: negative energy resistance 1, electricity resistance, unbreathing,
petrification resistance, rot immunity, AC +7
a: Curse Item, Scrying, Renounce Religion


You were on level 9 of the Dungeon.
You worshipped Ashenzari.
Ashenzari was pleased with you.
You were not hungry.

You visited 2 branches of the dungeon, and saw 10 of its levels.
You also visited: Bailey.

You collected 533 gold pieces.

Inventory:

Hand Weapons
 a - a +0 flail (weapon)
Armour
 b - a +0 scale mail (worn)
 c - a +0 shield (worn)
 h - a +2 pair of gloves (worn)
 s - a +0 helmet (worn)
 D - the +5 robe "Voil" {*Corrode rC+++ Str+6}
   (You found it on level 7 of the Dungeon)

   It affects your strength (+6).
   It renders you almost immune to cold.
   It may corrode you when you take damage.
Jewellery
 B - a ring of protection from fire (left hand)
 L - a +3 ring of protection (right hand)
Wands
 w - a wand of paralysis (11)
 A - a wand of polymorph (7)
 C - a wand of enslavement (7)
Scrolls
 g - 6 scrolls of remove curse
 i - 4 scrolls of enchant weapon {unknown}
 j - 2 scrolls of vulnerability {unknown}
 l - 3 scrolls of random uselessness {unknown}
 n - a scroll of magic mapping {unknown}
 q - 2 scrolls of fog {unknown}
 r - 2 scrolls of amnesia {unknown}
 u - 2 scrolls of fear {unknown}
 x - a scroll of holy word {unknown}
 y - a scroll of blinking {unknown}
 F - a scroll of brand weapon {unknown}
 J - a scroll of teleportation {unknown}
 M - a scroll of acquirement {unknown}
Potions
 d - 2 potions of heal wounds
 e - 2 potions of haste
 k - 2 potions of brilliance
 m - a potion of cancellation
 o - a potion of might
 p - 2 potions of curing
 t - 2 potions of resistance {unknown}
 v - a potion of mutation
 z - a potion of invisibility
 E - a potion of ambrosia {unknown}
 G - a potion of degeneration {unknown}
 K - a potion of agility {unknown}
Comestibles
 f - 20 rations
 H - 6 chunks of flesh


   Skills:
 + Level 7.9 Fighting
 * Level 9.7 Maces & Flails
 + Level 7.9 Armour
 * Level 6.7 Dodging
 - Level 5.0 Shields


You had 9 spell levels left.
You didn't know any spells.
Your spell library contained the following spells:

 Spells                   Type           Power        Failure   Level  Hunger
 Animate Skeleton         Necr           N/A          98%         1    ##.....
 Apportation              Tloc           #.....       98%         1    ##.....
 Confusing Touch          Hex            #.....       98%         1    ##.....
 Magic Dart               Conj           #...         98%         1    ##.....
 Sandblast                Erth           #.....       98%         1    ##.....
 Shock                    Conj/Air       #...         98%         1    ##.....
 Summon Small Mammal      Summ           #...         98%         1    ##.....
 Passwall                 Tmut/Erth      #.......     99%         2    ###....
 Mephitic Cloud           Conj/Pois/Air  #.......     100%        3    ####...
 Stone Arrow              Conj/Erth      #.....       100%        3    ####...
 Petrify                  Tmut/Erth      #.......     100%        4    #####..
 Iskenderun's Battlesphe  Conj/Chrm      #.......     100%        5    ######.
 Lee's Rapid Deconstruct  Erth           #.........   100%        5    ######.
 Orb of Destruction       Conj           #.........   100%        7    #######


Dungeon Overview and Level Annotations

Branches:
Dungeon (9/15)             Temple (1/1) D:4          Bailey (visited)
   Lair: D:8-11         Orc: D:9-12

Altars:
Ashenzari
Cheibriados
Dithmenos
Elyvilon
Fedhas
Gozag
Hepliaklqana
Kikubaaqudgha
Makhleb
Okawaru
Qazlal
Ru
Sif Muna
Trog
Uskayaw
Vehumet
Wu Jian
Xom
Yredelemnul
Zin
The Shining One

Shops:
D:8 =


Innate Abilities, Weirdness & Mutations

You are resistant to torment.
Your stone body is resilient. (AC +7)
You are immune to poison.
You resist negative energy. (rN+)
You are resistant to electric shocks. (rElec)
You can survive without breathing.
You are immune to petrification.
You are immune to rotting.


Message History

The two-headed ogre closely misses you.
You thump the two-headed ogre!
The two-headed ogre is severely wounded.
The two-headed ogre hits you with a +0 giant club!
The two-headed ogre hits you with a +0 giant spiked club.
You are too injured to fight recklessly!
You are too injured to fight recklessly!
You are too injured to fight recklessly!
You barely miss the two-headed ogre.
The two-headed ogre is severely wounded.
You hit the two-headed ogre.
The two-headed ogre is severely wounded.
The two-headed ogre hits you with a +0 giant club.
You block the two-headed ogre's attack.
You sock the two-headed ogre!
The two-headed ogre is almost dead.
The two-headed ogre hits you with a +0 giant club!
* * * LOW HITPOINT WARNING * * *
The two-headed ogre hits you with a +0 giant spiked club!
You die...

..########...............####
..#......'...................,
..#......#..................#
*
..#......#..................#
..########..................#
..............######+####...#
###.........###......... #+#♣
............#...........,
..).........#...@O...... ,,,
.)∩)[..######...........
..)....'................ *
.......######...........
............#.......#+#.*
<.........(.#.....###
######......#.....#, , ,
#......#.....# , *
#......#.....# *


You could see a two-headed ogre.

Vanquished Creatures
  Gastronok (D:8)
  Grinder (D:6)
  A spriggan (D:7)
  Sigmund (D:2)
  A wyvern (D:9)
  A hungry ghost (D:8)
  2 ice beasts
  A phantom (D:5)
  12 orc warriors
  An ogre (D:6)
  9 centaurs
  A big kobold (D:7)
  3 bullfrogs
  2 scorpions
  4 crimson imps
  A jelly (D:5)
  A bullfrog zombie (D:7)
  A centaur zombie (D:5)
  5 orc wizards
  2 centaur skeletons
  2 hounds
  2 orc priests (D:8)
  3 iguanas
  4 worker ants
  A hound skeleton (D:5)
  6 adders
  A shadow imp (D:5)
  2 adder skeletons
  3 worms
  A leopard gecko (D:1)
  34 orcs
  4 ball pythons
  3 bats
  5 giant cockroaches
  3 goblins
  2 hobgoblins
  7 jackals
  A quokka (D:3)
  4 frilled lizards
  11 kobolds
  2 quokka skeletons
  4 rats
156 creatures vanquished.

Vanquished Creatures (others)
  2 orcs (D:3)
2 creatures vanquished.

Grand Total: 158 creatures vanquished

Notes
Turn   | Place    | Note
-------+----------+-------------------------------------------
     0 | D:1      | Borgoz the Gargoyle Fighter began the quest for the Orb.
     0 | D:1      | Reached XP level 1. HP: 14/14 MP: 1/1
   111 | D:1      | Reached XP level 2. HP: 18/19 MP: 2/2
   904 | D:2      | Noticed Sigmund
   912 | D:2      | Killed Sigmund
   912 | D:2      | Reached skill level 3 in Maces & Flails
   912 | D:2      | Reached skill level 1 in Dodging
   912 | D:2      | Reached XP level 3. HP: 2/24 MP: 3/3
   912 | D:2      | Reached XP level 4. HP: 2/29 MP: 4/4
   912 | D:2      | Reached XP level 5. HP: 2/33 MP: 5/5
  1721 | D:3      | Reached XP level 6. HP: 38/38 MP: 6/6
  1789 | D:3      | Found a radiant altar of Vehumet.
  1914 | D:3      | Found an ancient bone altar of Kikubaaqudgha.
  2128 | D:3      | Reached skill level 4 in Maces & Flails
  2648 | D:4      | Found a staircase to the Ecumenical Temple.
  2757 | Temple   | Entered the Ecumenical Temple
  2768 | Temple   | Became a worshipper of Ashenzari the Shackled
  3201 | D:5      | Entered Level 5 of the Dungeon
  3265 | D:5      | Reached XP level 7. HP: 44/44 MP: 7/7
  3325 | D:5      | Found an iron altar of Okawaru.
  3475 | D:5      | Reached skill level 5 in Maces & Flails
  3607 | D:5      | Reached skill level 5 in Fighting
  3607 | D:5      | Reached skill level 5 in Armour
  3618 | D:5      | Reached skill level 5 in Shields
  3618 | D:5      | Reached XP level 8. HP: 47/49 MP: 8/8
  4176 | D:6      | Reached * piety under Ashenzari
  4243 | D:6      | Noticed Grinder
  4255 | D:6      | Paralysed by Grinder for 6 turns
  4262 | D:6      | Paralysed by Grinder for 2 turns
  4291 | D:6      | Killed Grinder
  4291 | D:6      | Reached skill level 6 in Maces & Flails
  4632 | D:7      | Found a white marble altar of Elyvilon.
  4637 | D:7      | Noticed a spriggan baker
  4643 | D:7      | Killed a spriggan baker
  4774 | D:7      | Reached skill level 7 in Maces & Flails
  4774 | D:7      | Reached XP level 9. HP: 55/55 MP: 9/9
  4853 | D:7      | Got the uncursed robe "Voil" {*Corrode rC+++ Str+6}
  5395 | D:7      | Found a bloodstained altar of Trog.
  5395 | D:7      | Found a faded altar of an unknown god.
  5400 | D:7      | Found a shadowy altar of Dithmenos.
  5402 | D:7      | Found a burning altar of Makhleb.
  5403 | D:7      | Found a glowing silver altar of Zin.
  5603 | D:8      | Noticed Gastronok
  5627 | D:8      | Killed Gastronok
  5627 | D:8      | Reached skill level 8 in Maces & Flails
  5627 | D:8      | Reached skill level 5 in Dodging
  5627 | D:8      | Reached XP level 10. HP: 46/63 MP: 10/10
  5657 | D:8      | HP: 3/63 [orc priest/divine providence (14)]
  5888 | D:8      | Reached ** piety under Ashenzari
  5901 | D:8      | Found Bufelan's Jewellery Shop.
  6121 | D:9      | Found a flagged portal.
  6137 | D:9      | Reached skill level 9 in Maces & Flails
  6326 | Bailey   | Entered a bailey
  7973 | Bailey   | Identified the Grimoire of Blows and Bruises
  8102 | D:9      | Noticed a two-headed ogre
  8116 | D:9      | Slain by a two-headed ogre

Levels and vault maps discovered:
D:1:      minmay_arrival_stone_box, layout_basic, minmay_misc_feat_five,
          chequers_serial_rivers_micro_c
D:2:      layout_basic, grunt_decor_cap, kennysheep_small_spiral, uniq_sigmund
D:3:      layout_basic, old_standard_altar, fiery_altar_vehumet, first_ration,
          skrybe_limestone_x, grunt_ministairs_7
D:4:      layout_loops_ring, minmay_temple_entry_enclosed_plants
D:5:      layout_loops_ring, okawaru_trees_2
D:6:      layout_loops_ring, uniq_grinder
D:7:      layout_loops_ring, chequers_temple_overflow_minitemple, basic_altar,
          the_bakery, minivault_5
D:8:      layout_cave_pools, serial_shops, shop, minivault_22, uniq_gastronok
D:9:      layout_irregular_city, kennysheep_mini_moat, enter_bailey_2,
          fedhas_altar_4, uniq_pikel
Temple:   eino_wide_crystal_templ

Skill      XL: |  1  2  3  4  5  6  7  8  9 10 |
---------------+-------------------------------+-----
Fighting       | 4 5 6 7 |  7.9
Maces & Flails | 3 4 5 7 8 9 |  9.7
Armour         | 4 5 6 7 |  7.9
Dodging        | 1 2 3 5 6 |  6.7
Shields        | 4 5 |  5.0

Action                   |  1- 3 |  4- 6 |  7- 9 | 10-12 || total
-------------------------+-------+-------+-------+-------++-------
Melee: Flail             |    71 |   170 |   275 |   332 ||   848
  Use: Potion            |     1 |       |     1 |     4 ||     6
       Scroll            |       |       |     5 |     1 ||     6
 Stab: Invisible         |       |       |       |     4 ||     4
  Eat: Chunk             |       |     7 |    11 |     6 ||    24
       Ration            |       |       |     2 |     1 ||     3
Armor: Scale mail        |    33 |    86 |   129 |   146 ||   394
Dodge: Dodged            |    28 |    59 |    79 |   214 ||   380
Block: Shield            |    32 |    87 |   113 |   220 ||   452

Table legend:
 A = Non-vault XP
 B = Vault XP
 C = Vault XP percentage of total XP
 D = Non-vault monster count
 E = Vault monster count
 F = Vault count percentage of total count
                 A         B        C        D         E       F
            +---------+---------+-------+---------+---------+-------
      Total |    3068 |    5366 |  63.6 |     108 |      48 |  30.8
            +---------+---------+-------+---------+---------+-------
        D:1 |      23 |       0 |   0.0 |      13 |       0 |   0.0
        D:2 |      28 |     208 |  88.1 |       6 |       1 |  14.3
        D:3 |      97 |       9 |   8.5 |      22 |       5 |  18.5
        D:4 |     218 |       0 |   0.0 |      11 |       0 |   0.0
        D:5 |     649 |       0 |   0.0 |      13 |       0 |   0.0
        D:6 |     380 |     286 |  42.9 |       8 |       1 |  11.1
        D:7 |     720 |     224 |  23.7 |      18 |       1 |   5.3
        D:8 |     560 |    2380 |  81.0 |      11 |       1 |   8.3
        D:9 |     393 |       0 |   0.0 |       6 |       0 |   0.0
     Bailey |       0 |    2259 | 100.0 |       0 |      39 | 100.0
            +---------+---------+-------+---------+---------+-------
